AoeStats
← trixnate

MegaRandom

506073777Analyzed
1v1 RM · 19d ago on Sep 12, 2026· 72m 48s· 2 players
Game mode
Random Map
Map size
Tiny (2 player)
Population
200
Speed
Normal
Resources
Standard
Victory
Conquest
Starting age
Dark Age
Ending age
Imperial Age
RankedLock teamsTeams togetherTeam positionsShared explorationLock speedFull tech treeHidden civsTurbo modeCheats
Victory
Defeat
🇳🇿 Georgians · New Zealand
980
+17
🇲🇽 Byzantines · Mexico
998
-17
trixnate
11:53 Loom
14:34 Feudal Age
15:43 Town Watch
18:46 Castle Age
21:08 Scale Barding Armor
22:06 Husbandry
24:49 Town Watch
25:16 Forging
25:57 Bloodlines
27:52 Town Patrol
28:14 Squires
29:07 Pikeman
32:07 Scale Mail Armor
32:36 Light Cavalry
34:23 Chain Mail Armor
36:04 Iron Casting
37:01 Double-Bit Axe
37:49 Chain Barding Armor
42:15 Horse Collar
46:04 Redemption
49:27 Imperial Age
51:08 Gold Mining
51:29 Bow Saw
51:23 Heavy Plow
52:03 Conscription
53:08 Blast Furnace
52:44 Plate Barding Armor
52:13 Fletching
54:47 Chemistry
53:53 Siege Engineers
53:24 Hussar
55:39 Elite Monaspa
57:45 Halberdier
61:48 Wheelbarrow
62:40 Plate Mail Armor
FrumpyImpala821
10:37 Loom
13:52 Feudal Age
18:40 Fletching
24:41 Castle Age
25:42 Scale Barding Armor
26:06 Forging
32:20 Horse Collar
36:41 Bodkin Arrow
37:10 Elite Skirmisher
47:08 Padded Archer Armor
51:44 Imperial Age
50:06 Ballistics
49:54 Gold Mining
51:17 Chain Barding Armor
51:42 Iron Casting
53:12 Wheelbarrow
52:03 Heavy Camel Rider
54:23 Gold Shaft Mining
54:11 Chain Barding Armor
54:27 Iron Casting
54:34 Double-Bit Axe
56:47 Hand Cart
61:38 Chemistry
61:48 Plate Barding Armor
66:46 Chemistry
Connection lost

Rejoining the realm…

Still unreachable

The connection could not be restored.

Session expired

The server has moved on; the page needs a fresh start.